 Dungeon Crawl Stone Soup version 0.19.5 (webtiles) character file.

479 Kunjo the Chopper (level 7, -8/54 HPs)
             Began as a Human Berserker on May 4, 2017.
             Was a Priest of Trog.
             Mangled by an orc warrior
             ... wielding a +0 glaive
              (25 damage)
             ... on level 4 of the Dungeon.
             The game lasted 00:15:12 (3276 turns).

Kunjo the Chopper (Human Berserker)                 Turns: 3276, Time: 00:15:12

Health: -8/54      AC: 11    Str: 19    XL:     7   Next: 33%
Magic:  7/7        EV:  8    Int:  8    God:    Trog [***...]
Gold:   123        SH:  3    Dex: 12    Spells: 0 memorised, 6 levels left

rFire  . . .     SeeInvis .     a - +0 war axe
rCold  . . .     Gourm    .     q - +0 chain mail (curse)
rNeg   . . .     Faith    .     (no shield)
rPois  .         Spirit   .     (no helmet)
rElec  .         Reflect  +     s - +0 cloak
rCorr  .         Harm     .     n - +0 pair of gloves
MR     .....                    (no boots)
Stlth  ..........               g - +3 amulet of reflection
                                (no ring)
                                (no ring)

@: starving, hasted, very quick
A: no striking features
a: Berserk, Trog's Hand, Burn Spellbooks, Renounce Religion


You were on level 4 of the Dungeon.
You worshipped Trog.
Trog was most pleased with you.
You were starving.

You visited 1 branch of the dungeon, and saw 4 of its levels.

You collected 123 gold pieces.

Inventory:

Hand Weapons
 a - a +0 war axe (weapon)
 b - a +0 giant club
 c - a +0 blowgun
 d - a +0 hand axe
 e - a +0 blowgun
 r - a +2 quarterstaff of chaos
Missiles
 m - 13 poisoned needles
 o - 2 needles of sleeping
 p - 20 bolts
Armour
 h - a +0 leather armour
 n - a +0 pair of gloves (worn)
 q - a cursed +0 chain mail (worn)
 s - a +0 cloak (worn)
Jewellery
 g - a +3 amulet of reflection (around neck)
Scrolls
 f - a scroll of identify
Potions
 j - 2 potions of agility {unknown}


   Skills:
 + Level 4.2 Fighting
   Level 3.4 Short Blades
 + Level 4.4 Axes
 + Level 3.5 Armour
 + Level 3.3 Dodging
 + Level 0.7 Stealth


You had 6 spell levels left.
You didn't know any spells.

Dungeon Overview and Level Annotations

Branches:
Dungeon (4/15)
 Temple: D:4-7

Altars:


Message History

The orc suddenly seems more resistant.
The orc warrior hits you with a glaive!
You barely miss the orc warrior. The orc warrior hits you with a glaive!
A scorpion comes into view.
The orc drinks a potion.
The orc seems to speed up.
The orc warrior closely misses you.
An orc comes into view.
The orc moves out of view.
The orc throws a tomahawk.
The tomahawk hits you.
You see here a tomahawk.
The orc throws a tomahawk.
The tomahawk hits you but does no damage.
You see here a tomahawk.
The orc throws a tomahawk.
The tomahawk hits you.
* * * LOW HITPOINT WARNING * * *
You see here a tomahawk.
Found 27 stones.
You see here 27 stones.
You feel yourself speed up.
The orc warrior hits you from afar with a glaive!!
You die...

...........[.#
.......##...#
#...)##...###.#
##.#.........>...#
.............#####
...........(o####
...#.#..s.o.((o.#
. # #.###s####.#
.s. .......@#
.....#.#.######
#.#..##.#.. . ...
# ### .##.


You could see an orc warrior and a scorpion.

Vanquished Creatures
  An ogre (D:4)
  A howler monkey (D:4)
  An orc wizard (D:4)
  An orc priest (D:3)
  Crazy Yiuf (D:2)
  2 iguanas (D:4)
  A worker ant (D:4)
  A hound skeleton (D:4)
  7 gnolls
  An adder (D:2)
  2 oozes (D:3)
  2 worms
  3 leopard geckos
  4 orcs (D:3)
  8 bats
  4 giant cockroaches
  5 goblins
  8 hobgoblins
  4 jackals
  13 kobolds
  A quokka (D:2)
  12 frilled lizards
  6 rats
89 creatures vanquished.

Notes
Turn   | Place    | Note
-------+----------+-------------------------------------------
     0 | D:1      | Kunjo the Human Berserker began the quest for the Orb.
     0 | D:1      | Reached XP level 1. HP: 18/18 MP: 1/1
    68 | D:1      | Reached XP level 2. HP: 21/24 MP: 2/2
   207 | D:1      | Reached skill level 1 in Axes
   337 | D:1      | Reached XP level 3. HP: 29/29 MP: 3/3
   721 | D:2      | Reached ** piety under Trog
   878 | D:2      | Reached XP level 4. HP: 35/35 MP: 4/4
   990 | D:2      | Found a runed door.
   994 | D:2      | Noticed Crazy Yiuf
   999 | D:2      | Killed Crazy Yiuf
  1994 | D:3      | Reached XP level 5. HP: 41/41 MP: 5/5
  2475 | D:3      | Reached XP level 6. HP: 23/48 MP: 6/6
  3098 | D:4      | Noticed an ogre
  3106 | D:4      | Killed an ogre
  3106 | D:4      | Reached XP level 7. HP: 28/54 MP: 7/7
  3227 | D:4      | Reached *** piety under Trog
  3276 | D:4      | Mangled by an orc warrior

Skill      XL: |  1  2  3  4  5  6 |
---------------+-------------------+-----
Axes           | 1 2 3 4 |  4.4
Armour         | 3 |  3.5
Fighting       | 4 |  4.2
Dodging        | 3 |  3.3
Short Blades   | |  3.4
Stealth        | |  0.7

Action                   |  1- 3 |  4- 6 |  7- 9 || total
-------------------------+-------+-------+-------++-------
Melee: Hand axe          |   131 |    23 |       ||   154
       Short sword       |       |    42 |       ||    42
       War axe           |       |   114 |    16 ||   130
       Quarterstaff      |       |     3 |       ||     3
 Fire: Blowgun           |       |     4 |       ||     4
Invok: Berserk           |     2 |     6 |       ||     8
  Use: Scroll            |       |     2 |       ||     2
       Potion            |       |     2 |     1 ||     3
  Eat: Chunk             |     2 |     7 |       ||     9
       Bread ration      |       |     1 |       ||     1
Armor: Animal skin       |     2 |       |       ||     2
       Leather armour    |    43 |    29 |       ||    72
       Chain mail        |       |    65 |     7 ||    72
Dodge: Dodged            |   103 |   119 |    13 ||   235
Block: Other             |    19 |    30 |     1 ||    50
